 Dungeon Crawl Stone Soup version 0.31-a0-264-ga0b03e459d (webtiles) character file.

Game seed: 18066297376797532894

7768 qw the Skirmisher (level 11, -3/71 HPs)
             Began as a Gargoyle Hexslinger on July 13, 2023.
             Was a Priest of Okawaru.
             Slain by a two-headed ogre
             ... wielding a +0 giant spiked club
              (29 damage)
             ... on level 10 of the Dungeon.
             The game lasted 00:03:47 (8053 turns).

qw the Skirmisher (Gargoyle Hexslinger)             Turns: 8053, Time: 00:03:47

Health: -3/71      AC: 14    Str: 13    XL:     11   Next: 20%
Magic:  13/14      EV: 17    Int: 13    God:    Okawaru [***...]
Gold:   556        SH:  0    Dex: 16    Spells: 11/12 levels left

rFire   + . .        Y - +1 longbow (freeze)
rCold   + . .        (shield currently unavailable)
rNeg    + . .        b - +2 robe {rF+}
rPois   inf          (no helmet)
rElec   +            m - +1 cloak
rCorr   .            (no gloves)
SInv    .            (no boots)
Will    ++...        r - amulet of regeneration
Stlth   +++          o - ring "Olymod" {Drain +Blink rC+ Will+}
HPRegen 1.11/turn    f - ring of willpower
MPRegen 0.14/turn

%: no passive effects
@: heroic
A: sickness immunity, AC +8, negative energy resistance 1, electricity
resistance, torment resistance 1, petrification resistance
a: Renounce Religion, Evoke Blink, Heroism


You were on level 10 of the Dungeon.
You worshipped Okawaru.
Okawaru was most pleased with you.
You visited 2 branches of the dungeon, and saw 11 of its levels.

You collected 556 gold pieces.


Innate Abilities, Weirdness & Mutations

You are immune to sickness and miasma.
Your stone body is resilient. (AC +8)
You are immune to poison.
You resist negative energy. (rN+)
You are resistant to electric shocks. (rElec)
You are resistant to unholy torment.
You are immune to petrification.


   Skills:
 - Level 9.1(14.1) Fighting
 + Level 13.4(18.4) Ranged Weapons
 - Level 2.0(7.0) Armour
 - Level 4.2(9.2) Dodging
 - Level 1.0 Spellcasting
 - Level 2.6 Hexes
 - Level 4.0 Invocations


You had 11 spell levels left.
You knew the following spells:

 Your Spells              Type           Power      Damage    Failure   Level
a - Slow                  Hex            28%        N/A       10%         1

Your spell library contained the following spells:

 Spells                   Type           Power      Damage    Failure   Level
 Inner Flame              Hex/Fire       4%         N/A       43%         3
 Portal Projectile        Hex/Tloc       8%         N/A       43%         3
 Cause Fear               Hex            3%         N/A       67%         4

Inventory:

Hand Weapons
 Y - a +1 longbow of freezing (weapon)
Armour
 b - a +2 robe of fire resistance (worn)
 m - a +1 cloak (worn)
Jewellery
 c - a ring of ice
 f - a ring of willpower (right hand)
 l - a ring of resist corrosion
 n - a ring of resist corrosion
 o - the ring "Olymod" (left hand) {Drain +Blink rC+ Will+}
   (You found it on level 4 of the Dungeon)

   [ring of willpower]

   rC:        It protects you from cold.
   +Blink:    It lets you blink.
   Drain:     It drains your maximum health when unequipped.
   Will:      It increases your willpower.
 r - an amulet of regeneration (around neck)
Wands
 g - a wand of digging (9)
Scrolls
 a - 2 scrolls of identify
 k - 2 scrolls of teleportation
Potions
 d - 7 potions of curing
 e - 2 potions of heal wounds
 h - 2 potions of mutation
 i - a potion of magic
 j - 4 potions of might
 p - a potion of enlightenment {unknown}
 q - a potion of invisibility {unknown}

Dungeon Overview and Level Annotations

Branches:
Dungeon (10/15)            Temple (1/1) D:7
   Lair: D:8-11         Orc: D:9-12

Altars:
Ashenzari
Cheibriados
Dithmenos
Elyvilon
Fedhas
Gozag
Hepliaklqana
Kikubaaqudgha
Makhleb
Nemelex Xobeh
Okawaru
Qazlal
Ru
Sif Muna
Trog
Uskayaw
Vehumet
Wu Jian
Xom
Yredelemnul
Zin
The Shining One

Annotations:
D:8 exclusions: ice statue and orange crystal statue


Message History

The arrow freezes the killer bee.
The killer bee is almost dead.
The killer bee misses you. The killer bee completely misses you.
You shoot an arrow. The arrow hits the killer bee!
The arrow freezes the killer bee.
You kill the killer bee!
Okawaru accepts your kill.
You shoot an arrow. The arrow hits the two-headed ogre!
The arrow freezes the two-headed ogre.
The two-headed ogre is heavily wounded.
You shoot an arrow.
The arrow hits the two-headed ogre but does no damage.
The two-headed ogre is heavily wounded.
The two-headed ogre hits you with a +0 giant spiked club!!
The two-headed ogre closely misses you.
You shoot an arrow. The arrow hits the two-headed ogre.
The arrow freezes the two-headed ogre.
The two-headed ogre is heavily wounded.
You shoot an arrow.
The arrow barely misses the two-headed ogre.
The two-headed ogre closely misses you.
The two-headed ogre hits you with a +0 giant club.
You shoot an arrow.
The arrow completely misses the two-headed ogre.
The two-headed ogre completely misses you.
The two-headed ogre hits you with a +0 giant club!
You shoot an arrow.
The arrow barely misses the two-headed ogre.
You shoot an arrow.
The arrow barely misses the two-headed ogre.
The two-headed ogre hits you but does no damage.
The two-headed ogre hits you with a +0 giant club!
You shoot an arrow. The arrow hits the two-headed ogre!
The arrow freezes the two-headed ogre.
The two-headed ogre is almost dead.
You shoot an arrow.
The arrow hits the two-headed ogre but does no damage.
The two-headed ogre is almost dead.
The two-headed ogre hits you with a +0 giant spiked club!!
You die...

.###..........###....#
.##..........## #....#
.............# #....#
..#..........# #.#.##
..##.........# #.#.#
#.###.....#..# #.#.#
### #....##..# #.#.#
.....###..####.#.#
###..........O@...#
#.#.###..########


You could see a two-headed ogre.

Vanquished Creatures
  Harold (D:10)
  A two-headed ogre (D:9)
  Pikel (D:7)
  A gargoyle (D:10)
  2 shadows (D:10)
  A wraith (D:10)
  3 wyverns (D:9)
  8 yaks
  Eustachio (D:5)
  Menkaure (D:5)
  Edmund (D:5)
  2 water moccasins
  A black bear (D:6)
  3 ice beasts (D:6)
  2 centaurs (D:9)
  A phantom (D:6)
  3 kobold brigands
  3 bullfrogs
  A gnoll sergeant (D:6)
  3 scorpions
  17 wights
  A killer bee (D:10)
  5 howler monkeys
  7 orc priests
  3 hounds
  3 sleepcaps
  A jelly (D:7)
  6 orc wizards
  3 iguanas
  4 gnolls
  4 adders
  A white imp (D:5)
  2 dart slugs
  29 orcs
  7 ball pythons
  8 endoplasms
  4 giant cockroaches
  9 goblins
  2 hobgoblins
  5 jackals
  6 quokkas
  5 bats (D:1)
  2 frilled lizards
  24 kobolds
  5 rats
203 creatures vanquished.

Notes
Turn   | Place    | Note
-------+----------+-------------------------------------------
     0 | D:1      | qw the Gargoyle Hexslinger began the quest for the Orb.
     0 | D:1      | Reached XP level 1. HP: 12/12 MP: 2/2
     0 | D:1      | 0 ||| qw: Version: 0.3-a-52-g30416fa
     0 | D:1      | 0 ||| qw: Game counter: 7558
     0 | D:1      | 0 ||| qw: Melee chars always use a shield: true
     0 | D:1      | 0 ||| qw: God list: Okawaru
     0 | D:1      | 0 ||| qw: Allow faded altars: false
     0 | D:1      | 0 ||| qw: Do Orc after clearing Dungeon:15 true
     0 | D:1      | 0 ||| qw: Do second Lair branch before Depths: true
     0 | D:1      | 0 ||| qw: Lair rune preference: random
     0 | D:1      | 0 ||| qw: Goals: Normal
     0 | D:1      | 0 ||| PLANNING D:1-11
    67 | D:1      | Reached XP level 2. HP: 16/16 MP: 3/3
   198 | D:1      | Reached skill level 3 in Ranged Weapons
   522 | D:1      | Reached XP level 3. HP: 21/21 MP: 4/4
   796 | D:1      | Found a faded altar of an unknown god.
   865 | D:1      | 865 ||| UPGRADING to +0 leather armour.
   875 | D:1      | 875 ||| DROPPING +0 robe.
   876 | D:1      | 876 ||| UPGRADING to ring of resist corrosion.
   877 | D:1      | 877 ||| READING 2 scrolls labelled KEORHA BASO.
   878 | D:1      | 878 ||| READING scroll labelled SYPLOEKOTS.
   979 | D:1      | 979 ||| READING scroll labelled REMNIO ILUNU.
   980 | D:1      | 980 ||| READING 2 scrolls labelled ADAGOS EREAD.
   981 | D:1      | 981 ||| READING scroll labelled YDAN BINNOEV.
   982 | D:1      | 982 ||| DROPPING scroll of poison.
   983 | D:1      | 983 ||| DROPPING scroll of vulnerability.
  1583 | D:2      | Reached XP level 4. HP: 19/26 MP: 5/5
  1665 | D:2      | 1665 ||| UPGRADING to +0 ring mail.
  1675 | D:2      | 1675 ||| DROPPING +0 leather armour.
  1676 | D:2      | 1676 ||| UPGRADING to ring of willpower.
  1677 | D:2      | 1677 ||| READING scroll labelled FEDEOMPYED.
  1678 | D:2      | 1678 ||| DRINKING 2 grey potions.
  1679 | D:2      | 1679 ||| READING 2 scrolls of identify.
  1679 | D:2      | 1679 ||| IDENTIFYING dark potion
  1680 | D:2      | 1680 ||| DROPPING potion of attraction.
  1713 | D:2      | Reached skill level 4 in Ranged Weapons
  1867 | D:3      | Reached skill level 1 in Armour
  1884 | D:3      | Found a hazy altar of Hepliaklqana.
  2023 | D:3      | Found a white marble altar of Elyvilon.
  2379 | D:3      | 2379 ||| UPGRADING to +1 cloak.
  2384 | D:3      | 2384 ||| READING scroll labelled ADGHEH LEACSO.
  2384 | D:3      | Identified a scroll of acquirement
  2384 | D:3      | 2384 ||| ACQUIRING +1 longbow of freezing
  2384 | D:3      | Acquired a +1 longbow of freezing
  2386 | D:3      | 2386 ||| SWAPPING to +1 longbow of freezing.
  2387 | D:3      | 2387 ||| DROPPING +2 sling.
  2388 | D:3      | 2388 ||| READING scroll labelled PUXERIESON.
  2389 | D:3      | 2389 ||| DRINKING 2 fizzy emerald potions.
  2603 | D:4      | Reached XP level 5. HP: 13/30 MP: 6/6
  2891 | D:4      | Found a sparkling altar of Nemelex Xobeh.
  2952 | D:4      | Reached skill level 5 in Ranged Weapons
  2983 | D:4      | Identified the ring "Olymod" {Drain +Blink rC+ Will+}
  3190 | D:4      | 3190 ||| UPGRADING to ring "Olymod" {Drain +Blink rC+
                  | Will+}.
  3192 | D:4      | 3192 ||| READING scroll labelled POXZOLA IRUKHLYRCH.
  3193 | D:4      | 3193 ||| READING scroll labelled YGUJIOHIBB.
  3198 | D:4      | 3198 ||| DRINKING 3 metallic emerald potions.
  3199 | D:4      | 3199 ||| DROPPING 2 potions of magic.
  3205 | D:5      | Entered Level 5 of the Dungeon
  3206 | D:5      | Found a shimmering blue altar of Sif Muna.
  3251 | D:5      | HP: 2/30 [orc priest/divine providence (15)]
  3404 | D:5      | Noticed Menkaure
  3406 | D:5      | Reached skill level 3 in Fighting
  3406 | D:5      | Reached XP level 6. HP: 37/37 MP: 7/7
  3407 | D:5      | 3407 ||| FLEEEEING.
  3408 | D:5      | 3408 ||| FLEEEEING.
  3409 | D:5      | 3409 ||| FLEEEEING.
  3410 | D:5      | 3410 ||| FLEEEEING.
  3411 | D:5      | 3411 ||| FLEEEEING.
  3413 | D:5      | 3413 ||| STAIRDANCE
  3441 | D:5      | Killed Menkaure
  3614 | D:5      | Identified the +7 hand axe of Exkujajeush {freeze, rC+
                  | Int+2}
  3628 | D:5      | Reached skill level 6 in Ranged Weapons
  3675 | D:5      | Reached XP level 7. HP: 42/42 MP: 8/8
  3748 | D:5      | Noticed Edmund
  3757 | D:5      | Killed Edmund
  4029 | D:5      | Noticed Eustachio
  4050 | D:5      | Killed Eustachio
  4051 | D:5      | Reached skill level 7 in Ranged Weapons
  4154 | D:5      | Reached XP level 8. HP: 48/48 MP: 9/9
  4425 | D:5      | 4425 ||| READING 2 scrolls of identify.
  4425 | D:5      | 4425 ||| IDENTIFYING green potion
  4426 | D:5      | 4426 ||| DROPPING potion of lignification.
  4491 | D:6      | Reached skill level 8 in Ranged Weapons
  4712 | D:6      | Reached skill level 9 in Ranged Weapons
  4740 | D:6      | Reached skill level 6 in Fighting
  4740 | D:6      | Reached XP level 9. HP: 55/55 MP: 10/10
  5223 | D:6      | Reached skill level 10 in Ranged Weapons
  5242 | D:6      | 5242 ||| UPGRADING to amulet of regeneration.
  5247 | D:6      | 5247 ||| READING scroll labelled MUCIRA IGYSALL.
  5248 | D:6      | 5248 ||| DRINKING 2 coppery potions.
  5249 | D:6      | 5249 ||| READING 3 scrolls of identify.
  5249 | D:6      | 5249 ||| IDENTIFYING ruby potion
  5250 | D:6      | 5250 ||| READING 2 scrolls of identify.
  5250 | D:6      | 5250 ||| IDENTIFYING fuming inky potion
  5251 | D:6      | 5251 ||| DROPPING potion of brilliance.
  5252 | D:6      | 5252 ||| DROPPING potion of berserk rage.
  5335 | D:7      | Noticed Pikel
  5341 | D:7      | Killed Pikel
  5448 | D:7      | Found a staircase to the Ecumenical Temple.
  5449 | D:7      | 5449 ||| PLANNING TEMPLE
  5449 | D:7      | 5449 ||| UPGRADING to +2 robe of fire resistance.
  5459 | D:7      | 5459 ||| DROPPING +0 ring mail.
  5460 | D:7      | 5460 ||| READING 2 scrolls of identify.
  5460 | D:7      | 5460 ||| IDENTIFYING lumpy blue potion
  5469 | Temple   | Entered the Ecumenical Temple
  5516 | Temple   | 5516 ||| PLANNING OKAWARU WORSHIP
  5580 | Temple   | Became a worshipper of Warmaster Okawaru
  5581 | Temple   | 5581 ||| PLANNING D:1-11
  5629 | D:7      | 5629 ||| Stepping ~*~*~tactically~*~*~ (outnumbered).
  5632 | D:7      | 5632 ||| Stepping ~*~*~tactically~*~*~ (outnumbered).
  5637 | D:7      | Reached skill level 3 in Dodging
  5917 | D:7      | Found a glowing silver altar of Zin.
  5923 | D:7      | 5923 ||| DROPPING amulet of the acrobat.
  6092 | D:8      | Noticed an ice statue
  6118 | D:8      | 6118 ||| FLEEEEING.
  6120 | D:8      | 6120 ||| FLEEEEING.
  6121 | D:8      | 6121 ||| FLEEEEING.
  6122 | D:8      | 6122 ||| FLEEEEING.
  6123 | D:8      | 6123 ||| FLEEEEING.
  6124 | D:8      | 6124 ||| FLEEEEING.
  6125 | D:8      | 6125 ||| FLEEEEING.
  6126 | D:8      | 6126 ||| FLEEEEING.
  6128 | D:8      | 6128 ||| FLEEEEING.
  6129 | D:8      | 6129 ||| FLEEEEING.
  6130 | D:8      | 6130 ||| FLEEEEING.
  6132 | D:8      | 6132 ||| FLEEEEING.
  6133 | D:8      | 6133 ||| FLEEEEING.
  6134 | D:8      | 6134 ||| FLEEEEING.
  6135 | D:8      | 6135 ||| FLEEEEING.
  6136 | D:8      | 6136 ||| FLEEEEING.
  6137 | D:8      | 6137 ||| FLEEEEING.
  6138 | D:8      | 6138 ||| FLEEEEING.
  6139 | D:8      | 6139 ||| FLEEEEING.
  6141 | D:8      | 6141 ||| FLEEEEING.
  6142 | D:8      | 6142 ||| FLEEEEING.
  6143 | D:8      | 6143 ||| FLEEEEING.
  6144 | D:8      | 6144 ||| FLEEEEING.
  6145 | D:8      | 6145 ||| FLEEEEING.
  6146 | D:8      | 6146 ||| FLEEEEING.
  6147 | D:8      | 6147 ||| FLEEEEING.
  6148 | D:8      | 6148 ||| FLEEEEING.
  6189 | D:8      | Reached skill level 11 in Ranged Weapons
  6244 | D:8      | 6244 ||| Stepping ~*~*~tactically~*~*~ (outnumbered).
  6246 | D:8      | 6246 ||| Stepping ~*~*~tactically~*~*~ (outnumbered).
  6265 | D:8      | Reached XP level 10. HP: 64/64 MP: 11/11
  6265 | D:8      | 6265 ||| Stepping ~*~*~tactically~*~*~ (outnumbered).
  6282 | D:8      | 6282 ||| FLEEEEING.
  6283 | D:8      | 6283 ||| FLEEEEING.
  6342 | D:8      | Reached * piety under Okawaru
  6390 | D:8      | Reached skill level 1 in Invocations
  6451 | D:8      | Noticed an orange crystal statue
  6452 | D:8      | 6452 ||| INVOKING Heroism.
  6478 | D:8      | 6478 ||| INVOKING Heroism.
  6507 | D:8      | HP: 9/64 [wyvern[an orange crystal statue] (13)]
  6508 | D:8      | 6508 ||| READING 2 scrolls of teleportation.
  6509 | D:8      | 6509 ||| DRINKING 3 potions of heal wounds.
  6982 | D:9      | Reached skill level 12 in Ranged Weapons
  6989 | D:9      | 6989 ||| FLEEEEING.
  7000 | D:9      | Noticed a two-headed ogre
  7001 | D:9      | 7001 ||| INVOKING Heroism.
  7012 | D:9      | Killed a two-headed ogre
  7688 | D:9      | 7688 ||| READING scroll labelled NOLLIE VOYL.
  7713 | D:10     | Entered Level 10 of the Dungeon
  7749 | D:10     | Noticed Harold
  7750 | D:10     | 7750 ||| INVOKING Heroism.
  7759 | D:10     | Killed Harold
  7759 | D:10     | Reached ** piety under Okawaru
  7774 | D:10     | Noticed a gargoyle
  7779 | D:10     | Killed a gargoyle
  7780 | D:10     | Reached skill level 13 in Ranged Weapons
  7780 | D:10     | Reached XP level 11. HP: 68/68 MP: 14/14
  7818 | D:10     | Found a bloodstained altar of Trog.
  7934 | D:10     | Reached skill level 9 in Fighting
  7941 | D:10     | Reached *** piety under Okawaru
  8040 | D:10     | Noticed a two-headed ogre
  8041 | D:10     | 8041 ||| INVOKING Heroism.
  8053 | D:10     | Slain by a two-headed ogre

Levels and vault maps discovered:
D:1:      ncdulo_halloftheorcs, layout_basic,
          hellmonk_ecumenical_altar_leap_of_faith
D:2:      layout_loops_ring, serial_bayou_ford_a, corexii_leaking_fountain,
          minivault_25
D:3:      layout_loops_ring, mainiacjoe_overflow_boulevard,
          mainiacjoe_overflow_tiny_flanked
D:4:      layout_loops_ring, nemelex_dance_club_becter
D:5:      layout_gridville, nicolae_sif_muna_condensation, uniq_eustachio,
          uniq_edmund, uniq_menkaure
D:6:      layout_loops_ring
D:7:      hellmonk_crumbling_castle, layout_rooms, mainiacjoe_overflow_alcove_2,
          uniq_pikel
D:8:      minmay_separated_statues, layout_basic
D:9:      layout_basic, minmay_fountain_box
D:10:     layout_loops_ring, mainiacjoe_overflow_alcove_1, lair_entry_dummy,
          kennysheep_kite_vault, uniq_harold
Temple:   kb_temple_of_zot

Skill      XL: |  1  2  3  4  5  6  7  8  9 10 11 |
---------------+----------------------------------+-----
Ranged Weapons | 3 4 5 6 7 9 11 13 | 13.4
Fighting       | 2 3 4 6 8 9 |  9.1
Armour         | 1 2 |  2.0
Dodging        | 2 3 4 |  4.2
Invocations    | 4 |  4.0
Spellcasting   | |  1.0
Hexes          | |  2.6

Action                     |  1- 3 |  4- 6 |  7- 9 | 10-12 || total
---------------------------+-------+-------+-------+-------++-------
   Fire: Sling             |   160 |    42 |       |       ||   202
         Longbow           |       |   104 |   277 |   242 ||   623
 Invoke: Heroism           |       |       |       |     5 ||     5
    Use: Scroll            |     5 |     6 |     5 |     2 ||    18
         Potion            |       |     3 |     1 |     1 ||     5
 Armour: Robe              |    27 |       |    17 |    58 ||   102
         Leather armour    |     6 |       |       |       ||     6
         Ring mail         |       |    71 |    92 |       ||   163
  Dodge: Dodged            |    69 |    54 |   114 |    93 ||   330

Table legend:
 A = Non-vault XP
 B = Vault XP
 C = Vault XP percentage of total XP
 D = Non-vault monster count
 E = Vault monster count
 F = Vault count percentage of total count
                 A         B        C        D         E       F
            +---------+---------+-------+---------+---------+-------
      Total |    8948 |    2150 |  19.4 |     195 |       8 |   3.9
            +---------+---------+-------+---------+---------+-------
        D:1 |      65 |       0 |   0.0 |      30 |       0 |   0.0
        D:2 |      30 |       0 |   0.0 |      11 |       0 |   0.0
        D:3 |      31 |       0 |   0.0 |      13 |       0 |   0.0
        D:4 |      98 |       5 |   4.9 |      10 |       2 |  16.7
        D:5 |     491 |     540 |  52.4 |      25 |       3 |  10.7
        D:6 |    1626 |       0 |   0.0 |      26 |       0 |   0.0
        D:7 |     759 |     673 |  47.0 |      17 |       1 |   5.6
        D:8 |    1454 |       0 |   0.0 |      28 |       0 |   0.0
        D:9 |    2018 |       0 |   0.0 |      22 |       0 |   0.0
       D:10 |    2376 |     932 |  28.2 |      13 |       2 |  13.3
            +---------+---------+-------+---------+---------+-------
